 Dungeon Crawl Stone Soup version 0.18-a0-801-gb01a236 (webtiles) character file.

5 4thArraOfDagon the Firebug (level 1, 0/10 HPs)
             Began as a Deep Elf Fire Elementalist on Dec 14, 2015.
             Succumbed to poison (a potion of poison)
             ... on level 3 of the Dungeon.
             The game lasted 00:01:19 (274 turns).

4thArraOfDagon the Firebug (DEFE)                    Turns: 274, Time: 00:01:19

Health: 0/10       AC:  2    Str:  9    XL:     1   Next: 66%
Magic:  3/6        EV: 13    Int: 19    God:
Gold:   5          SH:  0    Dex: 15    Spells: 1 memorised, 5 levels left

rFire  . . .     SeeInvis .     e - +0 club
rCold  . . .     Clarity  .     a - +0 robe
rNeg   . . .     SustAt   .     (no shield)
rPois  .         Gourm    .     (no helmet)
rElec  .         Spirit   .     (no cloak)
rCorr  .         Dismiss  .     (no gloves)
rMut   .         Stasis   .     (no boots)
MR     .....                    (no amulet)
Stlth  ++........               (no ring)
                                (no ring)

@: lethally poisoned (0 -> -10), not resistant to hostile enchantments,
unstealthy
A: strong 2, no device heal 1
a: no special abilities


You were on level 3 of the Dungeon.
You were not hungry.

You visited 1 branch of the dungeon, and saw 3 of its levels.

You collected 5 gold pieces.

Inventory:

Hand Weapons
 e - a +0 club (weapon)
Armour
 a - a +0 robe (worn)
Books
 b - a book of Flames

   Spells                             Type                      Level
   a - Flame Tongue                   Conjuration/Fire             1
   b - Throw Flame                    Conjuration/Fire             2
   c - Conjure Flame                  Conjuration/Fire             3
   d - Inner Flame                    Hexes/Fire                   3
   e - Sticky Flame                   Conjuration/Fire             4
   f - Fireball                       Conjuration/Fire             5
Comestibles
 c - a bread ration
 f - a meat ration


   Skills:
 - Level 2.4 Dodging
 - Level 2.4 Stealth
 + Level 3.2 Spellcasting
 * Level 1.5 Conjurations
 * Level 3.3 Fire Magic


You had 5 spell levels left.
You knew the following spells:

 Your Spells              Type           Power        Failure   Level  Hunger
a - Flame Tongue          Conj/Fire      ##...        8%          1    None


Dungeon Overview and Level Annotations

Branches:
Dungeon (3/15)

Altars:
Cheibriados
Fedhas
Gozag
Nemelex Xobeh
Okawaru

Annotations:
D:3 exclusion: black bear


Innate Abilities, Weirdness & Mutations

Your muscles are very strong. (Str +4)
Potions and wands are less effective at restoring your health.


Message History

You feel sick.
Casting: Flame Tongue
Confirm with . or Enter, or press ? or * to list all spells.
Aiming: Flame Tongue
Press: ? - help, Shift-Dir - straight line, f - orc
Aim: an orc, wielding a club and wearing a ring mail The flame tongue hits the orc.
The orc is moderately wounded.
* * * LOW HITPOINT WARNING * * *
You feel sick. The bat barely misses you.
Casting: Flame Tongue
Confirm with . or Enter, or press ? or * to list all spells.
Aiming: Flame Tongue
Press: ? - help, Shift-Dir - straight line, f/p - orc
Aim: an orc, wielding a club and wearing a ring mail (moderately wounded)
The flame tongue hits the orc.
The orc appears unharmed.
The orc is moderately wounded.
The bat barely misses you. The orc misses you.
Unknown command.
You die...

.#######.# #.#.#
......#.## #.#.#
...#....## #.#.#
####.....#.## #.#.##
#...........# #.#..#
#.##.....#.## #.##.## #.
#.#.....# ##.##..#
.####.##.#.#.#.###...##.#
........@#.#.#.##.....#.#
####.#..................
#oo..#.#.##.....#.#
#......#.###...##..
...b..###.# #....##.
#..oo...# .##[.._....
+.<.....! ..........
###.....## #.........h
#.....# #.._..8.._.


You could see 4 orcs and a bat.

Vanquished Creatures
  An orc (D:3)
  2 hobgoblins (D:2)
  A bat (D:2)
4 creatures vanquished.

Notes
Turn   | Place    | Note
--------------------------------------------------------------
     0 | D:1      | 4thArraOfDagon the Deep Elf Fire Elementalist began the quest for the Orb.
     0 | D:1      | Reached XP level 1. HP: 10/10 MP: 6/6
   162 | D:3      | Noticed a black bear
   163 | D:3      | Found an iron altar of Okawaru.
   164 | D:3      | Found a sparkling altar of Nemelex Xobeh.
   165 | D:3      | Found an opulent altar of Gozag.
   165 | D:3      | Found a blossoming altar of Fedhas.
   165 | D:3      | Found a snail-covered altar of Cheibriados.
   200 | D:3      | Gained mutation: Potions and wands are less effective at restoring your health. [potion of mutation]
   200 | D:3      | Gained mutation: Your muscles are strong. (Str +2) [potion of mutation]
   200 | D:3      | Gained mutation: Your muscles are very strong. (Str +4) [potion of mutation]
   274 | D:3      | Succumbed to poison (a potion of poison)

Vault maps used:
D:1:      lemuel_arrival_river_ford
D:2:      kennysheep_generic_room_3
D:3:      minmay_goblin_kobold_castle, overflow_temple_1_default,
          grunt_temple_overflow_open, columned_hall_lemuel, minmay_liquid_box

Action                   || total
-------------------------++-------
 Cast: Flame Tongue      ||     9
  Use: Potion            ||     4
       Scroll            ||     1
